 Dungeon Crawl Stone Soup version 0.20.0-15-g7f486f2 (webtiles) character file.

458 panicbit the Chopper (level 6, -6/56 HPs)
             Began as a Minotaur Fighter on June 26, 2017.
             Was an Initiate of Okawaru.
             Mangled by a two-headed ogre
             ... wielding a +0 giant club
              (10 damage)
             ... on level 5 of the Dungeon.
             The game lasted 00:10:06 (3125 turns).

panicbit the Chopper (Minotaur Fighter)             Turns: 3125, Time: 00:10:06

Health: -6/56      AC:  9    Str: 27    XL:     6   Next: 77%
Magic:  5/5        EV:  6    Int:  5    God:    Okawaru [......]
Gold:   254        SH: 10    Dex: 10    Spells: 5/5 levels left

rFire    . . .     SeeInvis .   a - +0 war axe
rCold    . . .     Gourm    .   c - +0 shield
rNeg     . . .     Faith    .   i - +0 chain mail
rPois    .         Spirit   .   (helmet restricted)
rElec    .         Reflect  .   (no cloak)
rCorr    .         Harm     .   (no gloves)
MR       .....                  (no boots)
Stlth    ..........             (no amulet)
Regen    0.2/turn               (no ring)
MPRegen  0.1/turn               (no ring)

@: mighty
A: retaliatory headbutt, horns 2
a: Renounce Religion


You were on level 5 of the Dungeon.
You worshipped Okawaru.
Okawaru was noncommittal.
You were not hungry.

You visited 2 branches of the dungeon, and saw 6 of its levels.

You collected 254 gold pieces.

Inventory:

Hand Weapons
 a - a +0 war axe (weapon)
 A - a +0 flail
Armour
 c - a +0 shield (worn)
 i - a +0 chain mail (worn)
Jewellery
 D - a +3 ring of intelligence {unknown}
Wands
 o - a wand of random effects (16/48)
 w - a wand of acid (10/15)
Scrolls
 b - a scroll of teleportation {unknown}
 e - 4 scrolls of remove curse {unknown}
 h - 2 scrolls of random uselessness {unknown}
 k - 2 scrolls of fog {unknown}
 n - a scroll of magic mapping {unknown}
 p - 2 scrolls of identify {unknown}
 q - 2 scrolls of enchant weapon {unknown}
 s - a scroll of blinking {unknown}
 t - a scroll of immolation {unknown}
 u - 3 scrolls of enchant armour {unknown}
 y - a scroll of amnesia {unknown}
Potions
 g - a potion of invisibility {unknown}
 j - 2 potions of magic {unknown}
 m - a potion of mutation {unknown}
 v - a potion of cancellation {unknown}
 x - 3 potions of curing {unknown}
 z - a potion of degeneration {unknown}
 E - a potion of lignification {unknown}
Comestibles
 f - 7 bread rations
 l - 2 meat rations
 r - a royal jelly
 B - a chunk of flesh
 C - 3 fruits


   Skills:
 + Level 5.0 Fighting
 + Level 6.0 Axes
 + Level 5.3 Armour
 + Level 0.7 Dodging
 + Level 5.0 Shields


You had 5 spell levels left.
You didn't know any spells.

Dungeon Overview and Level Annotations

Branches:
Dungeon (5/15)             Temple (1/1) D:4

Altars:
Cheibriados
Dithmenos
Elyvilon
Fedhas
Gozag
Hepliaklqana
Kikubaaqudgha
Makhleb
Nemelex Xobeh
Okawaru
Qazlal
Trog
Yredelemnul
Zin
The Shining One


Innate Abilities, Weirdness & Mutations

You reflexively headbutt those who attack you in melee.
You have a pair of horns on your head.


Message History

You hit the two-headed ogre but do no damage.
The wyvern bites you but does no damage.
The wyvern closely misses you.
You hit the wyvern but do no damage.
The wyvern is moderately wounded.
You hit the two-headed ogre. The wyvern bites you.
The two-headed ogre hits you with a giant club!!
* * * LOW HITPOINT WARNING * * *
The two-headed ogre hits you but does no damage.
The wyvern barely misses you. You furiously retaliate!
You headbutt the wyvern, but do no damage.
You see here a throwing net.
The wyvern barely misses you. You furiously retaliate!
You headbutt the wyvern.
You see here a throwing net.
You block the wyvern's attack.
There is a stone staircase leading up here.
You feel very mighty all of a sudden. You block the wyvern's attack.
The two-headed ogre hits you with a giant club!
You die...

## ##.#
#@O# #lO#
#(s# #g.#
#))#
#....
#.?....
#<.......
#......##


You could see 2 two-headed ogres, a wyvern, a gnoll and a giant cockroach.

Vanquished Creatures
  A phantom (D:4)
  An ogre (D:4)
  An orc priest (D:4)
  A centaur skeleton (D:3)
  2 worker ants (D:4)
  2 gnolls (D:5)
  5 adders
  A howler monkey skeleton (D:4)
  2 oozes (D:1)
  5 worms
  A dart slug (D:4)
  2 leopard geckos (D:4)
  6 orcs
  6 giant cockroaches
  13 goblins
  5 hobgoblins
  3 jackals (D:2)
  11 kobolds
  2 quokkas
  A ball python (D:4)
  8 bats
  5 frilled lizards
  3 rats
87 creatures vanquished.

Notes
Turn   | Place    | Note
-------+----------+-------------------------------------------
     0 | D:1      | panicbit the Minotaur Fighter began the quest for the Orb.
     0 | D:1      | Reached XP level 1. HP: 19/19 MP: 0/0
   226 | D:1      | Reached XP level 2. HP: 27/27 MP: 1/1
   780 | D:2      | Reached XP level 3. HP: 26/33 MP: 2/2
   837 | D:2      | Reached skill level 3 in Axes
  1054 | D:2      | Found a faded altar of an unknown god.
  1308 | D:2      | Reached XP level 4. HP: 37/40 MP: 3/3
  1575 | D:3      | Reached skill level 4 in Axes
  1680 | D:3      | Found a stormy altar of Qazlal.
  1859 | D:3      | Reached XP level 5. HP: 35/47 MP: 4/4
  2589 | D:4      | Found a staircase to the Ecumenical Temple.
  2668 | Temple   | Entered the Ecumenical Temple
  2671 | Temple   | Became a worshipper of Warmaster Okawaru
  2743 | D:4      | Noticed an ogre
  2751 | D:4      | Killed an ogre
  2751 | D:4      | Reached skill level 5 in Axes
  2751 | D:4      | Reached skill level 5 in Armour
  2756 | D:4      | Reached XP level 6. HP: 46/53 MP: 5/5
  2939 | D:4      | Reached skill level 5 in Shields
  3021 | D:4      | Reached skill level 5 in Fighting
  3111 | D:5      | Entered Level 5 of the Dungeon
  3114 | D:5      | Noticed a wyvern
  3115 | D:5      | Noticed a two-headed ogre
  3115 | D:5      | Noticed a two-headed ogre
  3117 | D:5      | Reached skill level 6 in Axes
  3125 | D:5      | Mangled by a two-headed ogre

Skill      XL: |  1  2  3  4  5  6 |
---------------+-------------------+-----
Shields        | 4 5 |  5.0
Fighting       | 4 5 |  5.0
Axes           | 3 4 5 6 |  6.0
Armour         | 4 5 |  5.3
Dodging        | |  0.7

Action                   |  1- 3 |  4- 6 || total
-------------------------+-------+-------++-------
Melee: War axe           |    97 |   145 ||   242
       Headbutt          |     9 |    22 ||    31
  Use: Potion            |       |     1 ||     1
  Eat: Chunk             |     1 |     6 ||     7
Armor: Scale mail        |     6 |       ||     6
       Chain mail        |    56 |    69 ||   125
Dodge: Dodged            |    15 |    32 ||    47
Block: Shield            |    44 |    58 ||   102
